 Dungeon Crawl Stone Soup version 0.29-a0-356-g7bc237e783 (webtiles) character file.

Game seed: 12083494032020326811

123 Flugkiller the Skirmisher (level 5, 0/37 HPs)
             Began as an Octopode Cinder Acolyte on Apr 26, 2022.
             Was a High Priest of Ignis.
             Slain by a phantom (3 damage)
             ... on level 4 of the Dungeon.
             The game lasted 00:01:49 (2008 turns).

Flugkiller the Skirmisher (Octopode Cinder Acolyte) Turns: 2008, Time: 00:01:50

Health: 0/37       AC:  8    Str: 12 (13) XL:     5   Next: 7%
Magic:  1/6        EV: 12    Int: 16 (17) God:    Ignis [*****.]
Gold:   137        SH:  2    Dex:  8 (9)  Spells: 4/6 levels left

rFire   + . .      SeeInvis .   a - -1 spear (flame)
rCold   . . .      Faith    .   f - +0 buckler
rNeg    . . .      Spirit   .   (helmet restricted)
rPois   .          Reflect  .   (no amulet)
rElec   .          Harm     .   (no ring)
rCorr   .          Rampage  .   (no ring)
Will    .....                   (no ring)
Stlth   +++.......              (no ring)
HPRegen 0.12/turn               (no ring)
MPRegen 0.10/turn               (no ring)
                                (no ring)
                                (no ring)

@: brilliant, fiery-armoured, very slightly contaminated, invisible
A: almost no armour, amphibious, 8 rings, camouflage 1, gelatinous body 1,
(nimble swimmer 1), tentacles
a: Renounce Religion, Fiery Armour, Foxfire Swarm, Rising Flame


You were on level 4 of the Dungeon.
You worshipped Ignis.
Ignis was extremely pleased with you.
You visited 1 branch of the dungeon, and saw 4 of its levels.

You collected 137 gold pieces.

Inventory:

Hand Weapons
 a - a -1 spear of flaming (weapon)
Missiles
 k - a throwing net (quivered)
Armour
 f - a +0 buckler (worn)
   (You found it on level 1 of the Dungeon)
Jewellery
 p - a ring of protection from fire
   (You found it on level 2 of the Dungeon)
Scrolls
 c - 3 scrolls of noise {unknown}
 d - 2 scrolls of magic mapping {unknown}
 e - 2 scrolls of fear {unknown}
 g - 3 scrolls of amnesia {unknown}
 h - a scroll of fog {unknown}
 i - a scroll of immolation {unknown}
 m - a scroll of acquirement {unknown}
Potions
 n - a potion of curing {unknown}


   Skills:
 + Level 4.0 Fighting
 - Level 3.0 Polearms
 + Level 2.4 Dodging
 + Level 3.6 Stealth
 - Level 1.0 Spellcasting
 - Level 3.0 Fire Magic


You had 4 spell levels left.
You knew the following spells:

 Your Spells              Type           Power      Damage    Failure   Level
a - Scorch                Fire           30%        2d6       14%         2

Your spell library contained the following spells:

 Spells                   Type           Power      Damage    Failure   Level
 Apportation              Tloc           2%         N/A       30%         1
 Dazzling Flash           Conj/Hex       2%         N/A       67%         3
 Agony                    Necr           1%         N/A       100%        5
 Alistair's Intoxication  Tmut/Pois      0%         N/A       100%        5
 Silence                  Hex/Air        0%         N/A       100%        5


Dungeon Overview and Level Annotations

Branches:
Dungeon (4/15)
 Temple: D:4-7

Altars:

Shops:
D:2 (


Innate Abilities, Weirdness & Mutations

You cannot wear most types of armour.
You are amphibious.
You can wear up to eight rings at the same time.
Your skin changes colour to match your surroundings (Stealth+).
Your rubbery body absorbs attacks. (AC +1, EV +1)
((You are camouflaged when in or above water. (Stealth+)))
You have tentacles for arms and can constrict up to eight enemies at once.


Message History

You start resting.
Magic restored.
Found a stone staircase leading up.
Found a leather armour.
Done exploring.
Done exploring.
No target in view!
(D) Dungeon
Where to? (Enter - D:3, ? - help) HP restored.
There is a stone staircase leading down here.
You climb downwards.
You hear the sound of rushing water.
There is an entrance to a sewer on this level.
Hurry and find it before the portal rusts away!
Found a jewelled scale mail.
There is a stone staircase leading up here.
There are monsters nearby!
There are monsters nearby!
You reach to attack!
The helpless goblin fails to defend itself.
You hit the goblin. You burn the goblin.
The goblin is severely wounded.
You barely miss the goblin. Your grab misses the goblin.
The goblin is severely wounded.
The goblin hits you with a +0 club.
You hit the goblin but do no damage. You grab the goblin.
Your squeeze misses the goblin.
The goblin is severely wounded.
You constrict the goblin.
You kill the goblin!
A worm comes into view.
You reach to attack!
You closely miss the goblin. You barely miss the goblin.
Your grab misses the goblin. The goblin hits you with a +0 dagger.
You hit the goblin. You burn the goblin.
You kill the goblin!
Casting: Scorch (safe; 13% risk of failure)
Confirm with . or Enter, or press ? or * to list all spells.
Flames lash the worm.
The worm is moderately wounded.
The worm's fire resistance burns away.
A phantom comes into view.
Casting: Scorch (safe; 13% risk of failure)
Confirm with . or Enter, or press ? or * to list all spells.
Flames lash the worm.
The worm is burned terribly!
The worm is severely wounded.
You reach to attack!
You hit the worm but do no damage.
The worm is severely wounded.
You barely miss the worm. You grab the worm. You squeeze the worm.
The worm is severely wounded.
You constrict the worm. You hit the worm but do no damage.
You squeeze the worm.
The worm is severely wounded.
You constrict the worm. The worm bites you!
You hit the worm. You burn the worm.
The worm is almost dead.
You constrict the worm.
You kill the worm!
The phantom attacks as you move away! You block the phantom's attack.
You see here a +0 club.
There is a stone staircase leading up, spattered with blood here.
The phantom hits you.
The phantom blinks!
You blink.
You stop ascending the stairs.
Casting: Scorch (safe; 13% risk of failure)
Confirm with . or Enter, or press ? or * to list all spells.
You miscast Scorch.
You are very lightly contaminated with residual magic.
Nothing appears to happen.
The phantom hits you.
Casting: Scorch (safe; 13% risk of failure)
Confirm with . or Enter, or press ? or * to list all spells.
You don't have enough magic to cast this spell.
You miss the phantom. You tentacle-slap the phantom. You squeeze the phantom!
The phantom is moderately damaged.
The phantom hits you.
The phantom blinks!
You blink.
You completely miss the phantom.
The phantom is moderately damaged.
The phantom hits you.
* * * LOW HITPOINT WARNING * * *
Casting: Scorch (safe; 13% risk of failure)
Confirm with . or Enter, or press ? or * to list all spells.
You don't have enough magic to cast this spell.
It was a potion of degeneration.
There was something very wrong with that liquid.
You feel weakened.
You feel dopey.
You feel clumsy. The phantom hits you.
* * * LOW HITPOINT WARNING * * *
Unknown command.
It was a potion of brilliance.
You feel clever all of a sudden. The phantom hits you.
* * * LOW HITPOINT WARNING * * *
The phantom blinks!
You blink.
Unknown command.
It was a potion of invisibility.
You fade into invisibility!
The phantom closely misses you.
Unknown command.
A protective cloak of flame settles atop you.
The phantom hits you.
You die...

##### #### #.)W#####
#....###...@.≈≈##
♣.....†...).≈..[≈.≈
♣.♣..####...##≈.≈≈≈≈
... #...# ###### .
#...# #...# #...#
##.## #.#


You could see a phantom (can't see you).

Vanquished Creatures
  A howler monkey (D:3)
  An adder (D:2)
  An ufetubus (D:3)
  A worm (D:4)
  2 dart slugs
  2 orcs
  5 ball pythons
  3 endoplasms
  2 giant cockroaches
  10 goblins
  7 hobgoblins
  4 jackals
  2 quokkas
  5 bats
  2 kobolds
  9 rats
57 creatures vanquished.

Notes
Turn   | Place    | Note
-------+----------+-------------------------------------------
     0 | D:1      | Flugkiller the Octopode Cinder Acolyte began the quest for
                  | the Orb.
     0 | D:1      | Reached XP level 1. HP: 16/16 MP: 2/2
    65 | D:1      | Found a faded altar of an unknown god.
    78 | D:1      | Reached skill level 1 in Stealth
    87 | D:1      | Reached XP level 2. HP: 21/21 MP: 3/3
   272 | D:1      | Reached skill level 1 in Dodging
   388 | D:2      | Found Birch's Antique Weapon Shop.
   632 | D:2      | Reached XP level 3. HP: 22/26 MP: 4/4
   658 | D:2      | Learned a level 2 spell: Scorch
  1196 | D:2      | Reached XP level 4. HP: 32/32 MP: 5/5
  1902 | D:3      | Reached skill level 4 in Fighting
  1902 | D:3      | Reached XP level 5. HP: 29/37 MP: 6/6
  1991 | D:4      | Noticed a phantom
  2008 | D:4      | Slain by a phantom

Illustrated notes

Levels and vault maps discovered:
D:1:      eino_arrival_water_cross, layout_rooms, basic_ecumenical_altar
D:2:      layout_rooms, serial_shops, shop
D:3:      layout_basic, nicolae_underground_beach
D:4:      minmay_angry_zag, layout_rooms, nicolae_gozag_seed_capital,
          minmay_temple_entry_trees, serial_undead, serial_undead_b,
          serial_undead_e, serial_undead_c, serial_undead_c, serial_undead_a,
          serial_undead_d, gup_sewer_entry_pipe, serial_shops,
          nicolae_diamond_shop

Skill      XL: |  1  2  3  4 |
---------------+-------------+-----
Stealth        | 1 2 3 |  3.6
Dodging        | 1 2 |  2.4
Fighting       | 4 |  4.0
Polearms       | |  3.0
Spellcasting   | |  1.0
Fire Magic     | |  3.0

Action                   |  1- 3 |  4- 6 || total
-------------------------+-------+-------++-------
Melee: Spear             |    99 |    37 ||   136
       Constrict         |    17 |     8 ||    25
       Tentacles         |     6 |     7 ||    13
       Punch             |     1 |     2 ||     3
 Cast: Scorch            |     2 |     4 ||     6
Invok: Fiery Armour      |       |     1 ||     1
  Use: Potion            |       |     3 ||     3
 Stab: Sleeping          |     9 |     4 ||    13
       Distracted        |     1 |       ||     1
Armor: Skin              |     8 |     1 ||     9
Dodge: Dodged            |    44 |    10 ||    54
Block: Buckler           |     3 |     3 ||     6

Table legend: (Time is in decaauts)
 A = Elapsed time spent in this place.
 B = Non-inter-level travel time spent in this place.
 C = Inter-level travel time spent in this place.
 D = Time resting spent in this place.
 E = Time spent auto-exploring this place.
 F = Levels seen in this place.
 G = Mean time per level.
                   A        B        C        D        E       F      G
               +--------+--------+--------+--------+--------+-----+--------+
         Total |   2005 |   1963 |     42 |    558 |   1026 |   4 |  501.2 |
       Dungeon |   2005 |   1963 |     42 |    558 |   1026 |   4 |  501.2 |
               +--------+--------+--------+--------+--------+-----+--------+

Top non-repeatable levels by time:
     D:3: 755 daAuts
     D:2: 620 daAuts
     D:1: 600 daAuts
     D:4: 28 daAuts
